 Dungeon Crawl Stone Soup version 0.31.0-11-ge490571c62 (webtiles) character file.

Game seed: 7015929711251320725

1323 qw the Skirmisher (level 8, -3/46 HPs)
             Began as a Deep Elf Hunter on Feb 4, 2024.
             Was a Believer of Okawaru.
             Slain by an ogre
             ... wielding a +0 giant spiked club
              (26 damage)
             ... on level 6 of the Dungeon.
             The game lasted 00:02:26 (4140 turns).

qw the Skirmisher (Deep Elf Hunter)                 Turns: 4140, Time: 00:02:27

Health: -3/46      AC:  9    Str: 10    XL:     8   Next: 33%
Magic:  12/12      EV: 13    Int: 15    God:    Okawaru [**....]
Gold:   320        SH:  0    Dex: 21    Spells: 7/7 levels left

rFire   . . .        f - +2 arbalest (freeze)
rCold   . . .        (shield currently unavailable)
rNeg    . . .        a - +1 ring mail "Giratwau" {Dex+3}
rPois   .            h - +0 helmet
rElec   .            (no cloak)
rCorr   .            m - +0 pair of gloves
SInv    .            d - +0 pair of boots
Will    .....        (no amulet)
Stlth   +            (no ring)
HPRegen 0.27/turn    (no ring)
MPRegen 0.13/turn

%: no passive effects
@: no status effects
A: no striking features
a: Renounce Religion, Heroism


You were on level 6 of the Dungeon.
You worshipped Okawaru.
Okawaru was pleased with you.
You visited 2 branches of the dungeon, and saw 7 of its levels.
You also visited: Sewer.

You collected 320 gold pieces.


   Skills:
 - Level 3.0 Fighting
 - Level 12.0 Ranged Weapons
 + Level 0.0 Armour
 - Level 4.8 Dodging
 - Level 1.2 Stealth
 + Level 3.4 Invocations


You had 7 spell levels left.
You didn't know any spells.
Your spell library was empty.

Inventory:

Hand Weapons
 f - a +2 arbalest of freezing (weapon)
Armour
 a - the +1 ring mail "Giratwau" (worn) {Dex+3}
   (You found it on level 5 of the Dungeon)

   Dex+3:     It affects your dexterity (+3).
 d - a +0 pair of boots (worn)
 h - a +0 helmet (worn)
 m - a +0 pair of gloves (worn)
Potions
 b - 2 potions of curing
 c - a potion of attraction {unknown}
 e - a potion of haste

Dungeon Overview and Level Annotations

Branches:
Dungeon (6/15)             Temple (1/1) D:4           Sewer (visited)

Altars:
Cheibriados
Dithmenos
Elyvilon
Gozag
Hepliaklqana
Makhleb
Nemelex Xobeh
Okawaru
Qazlal
Ru
Sif Muna
Trog
Uskayaw
Vehumet
Wu Jian
Xom
The Shining One

Shops:
D:6 *

Annotations:
D:6 Dowan, Duvessa


Message History

What level of the Dungeon? (default 5, ? - help)
There is a stone staircase leading down here.
You climb downwards.
Dowan shouts!
The white imp shouts, "Embrace submission, thou frail guts-griping hugger-mugger!"
The ogre shouts!
The iguana hisses angrily.
Found an escape hatch in the floor.
There is a stone staircase leading up here.
There are monsters nearby!
Waypoint 7 assigned to D:6.
You shoot a bolt. The bolt hits the iguana!
The bolt freezes the iguana.
The iguana is almost dead.
Dowan smirks and points a slender finger.
Duvessa, Sister of Dowan comes into view.
She is wielding a +0 rapier.
4136 ||| RETREEEEATING.
The white imp gestures at you. The puff of frost misses you.
You shoot a bolt. The bolt closely misses the iguana.
The white imp gestures at you. The puff of frost hits you.
You shoot a bolt.
The bolt hits the iguana but does no damage.
The iguana is almost dead.
Dowan throws and catches a handful of magical flame, then smirks.
Dowan gestures at you while chanting. The puff of flame hits you.
The iguana bites you!
You shoot a bolt. The bolt barely misses the iguana.
The iguana bites you!
The white imp hits you but does no damage.
You shoot a bolt.
The bolt hits the iguana but does no damage.
The iguana is almost dead.
The iguana bites you but does no damage.
The white imp gestures at you. The puff of frost misses you.
The puff of frost hits the ogre!
Dowan casts a spell.
Dowan blinks!
The ogre hits you with a +0 giant spiked club!!
Ouch! That really hurt!
You die...

..
#######.#
#.....\.#
#.......#
##.......#
#.5......#
#.@l.....#
#.O<>..e.#
#....##....
#ยค.#.# #.
#......
.........
..##.......


ee# .......## .# .#.# ..## You could see an ogre, Dowan, an iguana and a white
imp.

Vanquished Creatures
  A water moccasin (D:5)
  An ogre (D:5)
  A black bear (D:5)
  A centaur (D:5)
  5 kobold brigands (Sewer)
  4 scorpions
  2 howler monkeys (D:5)
  4 hounds
  An orc priest (D:4)
  A sleepcap (D:5)
  3 adders
  4 ribbon worms
  2 dart slugs
  5 orcs
  8 endoplasms
  7 giant cockroaches
  5 goblins
  4 hobgoblins
  3 jackals (D:3)
  13 kobolds
  6 quokkas
  7 ball pythons
  4 bats
  2 frilled lizards
  8 rats
102 creatures vanquished.

Notes
Turn   | Place    | Note
-------+----------+-------------------------------------------
     0 | D:1      | qw the Deep Elf Hunter began the quest for the Orb.
     0 | D:1      | Reached XP level 1. HP: 12/12 MP: 3/3
     0 | D:1      | 0 ||| qw: Version: 0.3-a-160-g6735b56
     0 | D:1      | 0 ||| qw: Game counter: 6025
     0 | D:1      | 0 ||| qw: Melee chars always use a shield: true
     0 | D:1      | 0 ||| qw: God list: Okawaru
     0 | D:1      | 0 ||| qw: Allow faded altars: false
     0 | D:1      | 0 ||| qw: Do Orc after clearing Dungeon:15 true
     0 | D:1      | 0 ||| qw: Do second Lair branch before Depths: true
     0 | D:1      | 0 ||| qw: Lair rune preference: random
     0 | D:1      | 0 ||| qw: Goals: Normal
     0 | D:1      | 0 ||| PLANNING D:1-11
     4 | D:1      | Noticed an elephant
     8 | D:1      | Noticed a black mamba
   220 | D:1      | Reached XP level 2. HP: 16/16 MP: 4/4
   234 | D:1      | Reached skill level 6 in Ranged Weapons
   586 | D:1      | 586 ||| UPGRADING to +0 ring mail.
   596 | D:1      | 596 ||| DROPPING +0 leather armour.
   597 | D:1      | 597 ||| READING scroll labelled SINANU ROXI.
   597 | D:1      | 597 ||| ENCHANTING +0 shortbow.
   598 | D:1      | 598 ||| READING 3 scrolls labelled CUJUTA DA WEHA.
   599 | D:1      | 599 ||| DROPPING scroll of butterflies.
   600 | D:1      | 600 ||| DROPPING 2 scrolls of blinking.
   729 | D:2      | Reached XP level 3. HP: 20/20 MP: 5/5
   781 | D:2      | Found a faded altar of an unknown god.
   797 | D:2      | Identified the +3 robe "Azxiy" {+Blink rElec rN+}
  1214 | D:2      | Reached skill level 7 in Ranged Weapons
  1354 | D:2      | 1354 ||| UPGRADING to +0 pair of boots.
  1359 | D:2      | 1359 ||| UPGRADING to +3 robe "Azxiy" {+Blink rElec rN+}.
  1369 | D:2      | 1369 ||| UPGRADING to +0 pair of gloves.
  1374 | D:2      | 1374 ||| READING scroll labelled PIVEL QATZA.
  1375 | D:2      | 1375 ||| READING 2 scrolls labelled DAMPEKHLANE.
  1375 | D:2      | 1375 ||| IDENTIFYING black potion
  1376 | D:2      | 1376 ||| READING scroll of identify.
  1376 | D:2      | 1376 ||| IDENTIFYING emerald potion
  1377 | D:2      | 1377 ||| DRINKING 2 pink potions.
  1378 | D:2      | 1378 ||| DRINKING yellow potion.
  1379 | D:2      | 1379 ||| DRINKING white potion.
  1380 | D:2      | 1380 ||| DRINKING 2 grey potions.
  1383 | D:2      | 1383 ||| FLEEEEING.
  1384 | D:2      | 1384 ||| FLEEEEING.
  1385 | D:2      | 1385 ||| FLEEEEING.
  1386 | D:2      | 1386 ||| FLEEEEING.
  1387 | D:2      | 1387 ||| FLEEEEING.
  1388 | D:2      | 1388 ||| FLEEEEING.
  1389 | D:2      | 1389 ||| FLEEEEING.
  1390 | D:2      | 1390 ||| FLEEEEING.
  1391 | D:2      | 1391 ||| FLEEEEING.
  1392 | D:2      | 1392 ||| FLEEEEING.
  1393 | D:2      | 1393 ||| FLEEEEING.
  1394 | D:2      | 1394 ||| FLEEEEING.
  1395 | D:2      | 1395 ||| FLEEEEING.
  1396 | D:2      | 1396 ||| FLEEEEING.
  1397 | D:2      | 1397 ||| FLEEEEING.
  1398 | D:2      | 1398 ||| FLEEEEING.
  1399 | D:2      | 1399 ||| FLEEEEING.
  1400 | D:2      | 1400 ||| FLEEEEING.
  1401 | D:2      | 1401 ||| FLEEEEING.
  1402 | D:2      | 1402 ||| FLEEEEING.
  1403 | D:2      | 1403 ||| FLEEEEING.
  1404 | D:2      | 1404 ||| FLEEEEING.
  1405 | D:2      | 1405 ||| FLEEEEING.
  1406 | D:2      | 1406 ||| FLEEEEING.
  1407 | D:2      | 1407 ||| FLEEEEING.
  1408 | D:2      | 1408 ||| FLEEEEING.
  1409 | D:2      | 1409 ||| FLEEEEING.
  1410 | D:2      | 1410 ||| FLEEEEING.
  1411 | D:2      | 1411 ||| FLEEEEING.
  1412 | D:2      | 1412 ||| FLEEEEING.
  1413 | D:2      | 1413 ||| FLEEEEING.
  1414 | D:2      | 1414 ||| FLEEEEING.
  1415 | D:2      | 1415 ||| FLEEEEING.
  1416 | D:2      | 1416 ||| FLEEEEING.
  1417 | D:2      | 1417 ||| FLEEEEING.
  1418 | D:2      | 1418 ||| FLEEEEING.
  1419 | D:2      | 1419 ||| FLEEEEING.
  1420 | D:2      | 1420 ||| FLEEEEING.
  1421 | D:2      | 1421 ||| FLEEEEING.
  1422 | D:2      | 1422 ||| STAIRDANCE
  1424 | D:1      | 1424 ||| DROPPING potion of ambrosia.
  1425 | D:1      | 1425 ||| DROPPING potion of brilliance.
  1426 | D:1      | 1426 ||| DROPPING potion of berserk rage.
  1456 | D:3      | Reached XP level 4. HP: 18/25 MP: 6/6
  1717 | D:3      | Found a snail-covered altar of Cheibriados.
  1718 | D:3      | 1718 ||| READING scroll of identify.
  1718 | D:3      | 1718 ||| IDENTIFYING fizzy ruby potion
  1719 | D:3      | 1719 ||| DRINKING 2 brown potions.
  1760 | D:3      | 1760 ||| DROPPING potion of lignification.
  1833 | D:3      | Noticed a scorpion
  1834 | D:3      | 1834 ||| DRINKING potion of haste.
  1840 | D:3      | Killed a scorpion
  1841 | D:3      | Reached skill level 8 in Ranged Weapons
  1841 | D:3      | Reached XP level 5. HP: 29/29 MP: 7/7
  2195 | D:4      | 2195 ||| PLANNING SEWER
  2210 | D:4      | Found a staircase to the Ecumenical Temple.
  2228 | D:4      | Found a glowing drain.
  2235 | D:4      | Reached skill level 3 in Dodging
  2240 | Sewer    | Entered a sewer
  2271 | Sewer    | HP: 4/29 [kobold brigand/+0 whip (4)]
  2272 | Sewer    | 2272 ||| DRINKING potion of heal wounds.
  2275 | Sewer    | Reached skill level 9 in Ranged Weapons
  2357 | Sewer    | Reached XP level 6. HP: 33/36 MP: 8/8
  2536 | Sewer    | Reached skill level 10 in Ranged Weapons
  2546 | Sewer    | HP: 8/36 [kobold brigand/+0 club (4)]
  2548 | Sewer    | Reached XP level 7. HP: 9/40 MP: 9/9
  2691 | D:4      | 2691 ||| PLANNING TEMPLE
  2709 | Temple   | Entered the Ecumenical Temple
  2710 | Temple   | 2710 ||| PLANNING OKAWARU WORSHIP
  2720 | Temple   | Became a worshipper of Warmaster Okawaru
  2721 | Temple   | 2721 ||| PLANNING D:1-11
  2754 | D:4      | Found a shimmering blue altar of Sif Muna.
  3573 | D:4      | 3573 ||| UPGRADING to +0 helmet.
  3578 | D:4      | 3578 ||| READING scroll of identify.
  3578 | D:4      | 3578 ||| IDENTIFYING red potion
  3579 | D:4      | 3579 ||| READING scroll labelled JAEWKO REWNA.
  3579 | D:4      | Identified a scroll of acquirement
  3579 | D:4      | 3579 ||| ACQUIRING +2 arbalest of freezing
  3579 | D:4      | Acquired a +2 arbalest of freezing
  3581 | D:4      | 3581 ||| SWAPPING to +2 arbalest of freezing.
  3582 | D:4      | 3582 ||| DROPPING +1 shortbow.
  3583 | D:4      | 3583 ||| READING scroll labelled QODUQY DISYNA.
  3584 | D:4      | 3584 ||| READING 4 scrolls labelled JUSUEG OXAHUO.
  3585 | D:4      | 3585 ||| DROPPING 3 scrolls of noise.
  3611 | D:5      | Entered Level 5 of the Dungeon
  3646 | D:5      | Reached skill level 11 in Ranged Weapons
  3649 | D:5      | Identified the +1 ring mail "Giratwau" {Dex+3}
  3674 | D:5      | Reached * piety under Okawaru
  3697 | D:5      | Reached skill level 12 in Ranged Weapons
  3697 | D:5      | Reached skill level 1 in Invocations
  3697 | D:5      | Reached XP level 8. HP: 45/45 MP: 9/11
  3921 | D:5      | Reached skill level 3 in Fighting
  3941 | D:5      | Reached skill level 3 in Invocations
  3967 | D:5      | Found an opulent altar of Gozag.
  4068 | D:5      | Reached ** piety under Okawaru
  4113 | D:5      | 4113 ||| UPGRADING to +1 ring mail "Giratwau" {Dex+3}.
  4123 | D:5      | 4123 ||| DROPPING +0 ring mail.
  4124 | D:5      | 4124 ||| DROPPING +3 robe "Azxiy" {+Blink rElec rN+}.
  4125 | D:5      | 4125 ||| READING scroll labelled DEL XUTUSAQO.
  4134 | D:6      | Noticed Dowan
  4134 | D:6      | Found Baphun's Lightly-Used Armoury.
  4135 | D:6      | Noticed Duvessa
  4136 | D:6      | 4136 ||| RETREEEEATING.
  4140 | D:6      | Slain by an ogre

Levels and vault maps discovered:
D:1:      sevenhm_arrival_forest_fort_small_2, layout_basic
D:2:      layout_basic, hellmonk_ecumenical_altar_blasted,
          minmay_misc_feat_four_crosses
D:3:      layout_basic, cheibrodos_worm_habitat
D:4:      layout_basic, general_overflow_altar, minmay_temple_entry_butterflies,
          portal_sewer_entry_f
D:5:      layout_rooms, kennysheep_mini_moat
D:6:      layout_loops_cross, lemuel_round_altar,
          mainiacjoe_overflow_tiny_flanked, mainiacjoe_overflow_six_doors_small,
          minmay_shop_damaged, uniq_crazy_yiuf_cottage, uniq_duvessa
Temple:   nicolae_temple_great_sept

Skill      XL: |  1  2  3  4  5  6  7  8 |
---------------+-------------------------+-----
Ranged Weapons | 6 7 8 9 10 12 | 12.0
Dodging        | 3 4 |  4.8
Fighting       | 2 3 |  3.0
Invocations    | 1 3 |  3.4
Stealth        | |  1.2

Action                     |  1- 3 |  4- 6 |  7- 9 || total
---------------------------+-------+-------+-------++-------
   Fire: Shortbow          |   103 |   127 |    49 ||   279
         Arbalest          |       |       |    32 ||    32
    Use: Scroll            |     5 |     1 |     5 ||    11
         Potion            |     4 |     3 |       ||     7
 Armour: Leather armour    |     1 |       |       ||     1
         Ring mail         |    12 |       |     7 ||    19
         Robe              |     7 |    38 |    15 ||    60
  Dodge: Dodged            |    22 |    36 |    13 ||    71

Table legend:
 A = Non-vault XP
 B = Vault XP
 C = Vault XP percentage of total XP
 D = Non-vault monster count
 E = Vault monster count
 F = Vault count percentage of total count
                 A         B        C        D         E       F
            +---------+---------+-------+---------+---------+-------
      Total |    1356 |     535 |  28.3 |      78 |      24 |  23.5
            +---------+---------+-------+---------+---------+-------
        D:1 |      33 |       0 |   0.0 |      18 |       0 |   0.0
        D:2 |      31 |       0 |   0.0 |      14 |       0 |   0.0
        D:3 |     177 |       4 |   2.2 |      17 |       1 |   5.6
        D:4 |     197 |       6 |   3.0 |      17 |       3 |  15.0
        D:5 |     918 |       0 |   0.0 |      12 |       0 |   0.0
      Sewer |       0 |     525 | 100.0 |       0 |      20 | 100.0
            +---------+---------+-------+---------+---------+-------
